 Dungeon Crawl Stone Soup version 0.24-a0-535-gbb0d440638 (webtiles) character file.

Game seed: 6796826889007941579

6362 DavidChitty2 the Destroyer (level 10, -6/90 HPs)
             Began as a White Draconian Conjurer on Aug 10, 2019.
             Was a Believer of Sif Muna.
             Mangled by a cyan ugly thing (14 damage)
             ... on level 10 of the Dungeon.
             The game lasted 00:30:25 (19512 turns).

DavidChitty2 the Destroyer (DrCj)                  Turns: 19512, Time: 00:30:26

Health: -6/90      AC:  9    Str: 15    XL:     10   Next: 65%
Magic:  5/21       EV: 12    Int: 22    God:    Sif Muna [**....]
Gold:   384        SH:  0    Dex: 12    Spells: 17/24 levels left

rFire    . . .     SeeInvis .   a - +1 long sword (freeze)
rCold    + . .     Gourm    .   (no shield)
rNeg     . . .     Faith    .   (armour unavailable)
rPois    .         Spirit   .   (helmet restricted)
rElec    .         Reflect  .   n - +1 cloak
rCorr    .         Harm     .   (no gloves)
MR       .....                  (no boots)
Stlth    ++........             (no amulet)
HPRegen  0.25/turn              j - +4 ring of intelligence
MPRegen  0.17/turn              p - +4 ring of strength

@: no status effects
A: breathe frost, unfitting armour, cold resistance 1, cold-blooded, AC +7
a: Breathe Frost, Channel Magic, Renounce Religion


You were on level 10 of the Dungeon.
You worshipped Sif Muna.
Sif Muna was pleased with you.
You were very hungry.

You visited 2 branches of the dungeon, and saw 12 of its levels.

You collected 384 gold pieces.

Inventory:

Hand Weapons
 a - a +1 long sword of freezing (weapon)
   (You took it off a wight on level 9 of the Dungeon)
 b - a +2 whip of electrocution
   (You took it off Pikel on level 4 of the Dungeon)
 v - a +1 hand axe of venom
   (You took it off an orc on level 7 of the Dungeon)
 E - the cursed +0 spear of the Sugar Beet {freeze, +Fly MR+ Int+4, unknown}
   (You found it on level 10 of the Dungeon)

   It has been specially enchanted to freeze those struck by it, causing extra
   injury to most foes and up to half again as much damage against particularly
   susceptible opponents.
   It can also slow down cold-blooded creatures.
   It affects your intelligence (+4).
   It affects your resistance to hostile enchantments.
   It lets you fly.
   It has a curse placed upon it.
Missiles
 D - 268 stones (quivered)
Armour
 n - a +1 cloak (worn)
   (You took it off Crazy Yiuf on level 4 of the Dungeon)
Jewellery
 j - a +4 ring of intelligence (left hand)
   (You found it on level 3 of the Dungeon)
 p - a +4 ring of strength (right hand)
   (You found it on level 4 of the Dungeon)
 x - an uncursed ring of resist corrosion
   (You found it on level 8 of the Dungeon)
 z - an uncursed ring of see invisible
   (You found it on level 10 of the Dungeon)
Wands
 c - a wand of disintegration (13)
   (You found it on level 8 of the Dungeon)
 d - a wand of iceblast (18)
   (You found it on level 5 of the Dungeon)
 g - a wand of polymorph (6)
   (You found it on level 8 of the Dungeon)
Scrolls
 h - 4 scrolls of teleportation {@r4}
 m - 4 scrolls of remove curse {@r2}
 o - 2 scrolls of enchant armour
 q - 5 scrolls of fear
 w - 2 scrolls of blinking
 y - 3 scrolls of fog
 B - a scroll of identify {@r1}
 C - 2 scrolls of immolation {!r}
Potions
 f - a potion of flight {unknown}
 i - 3 potions of lignification {!q}
 k - a potion of heal wounds {@q2}
 l - a potion of brilliance {unknown}
 r - 2 potions of curing {@q1}
 s - a potion of mutation {unknown}
 t - 2 potions of might
 u - 2 potions of haste {unknown}
 A - a potion of magic {unknown}
Comestibles
 e - 12 rations {!d}


   Skills:
 + Level 8.6 Fighting
 - Level 1.7 Dodging
 - Level 1.7 Stealth
 + Level 7.5 Spellcasting
 - Level 10.1 Conjurations
 - Level 8.0 Invocations


You had 17 spell levels left.
You knew the following spells:

 Your Spells              Type           Power        Failure   Level  Hunger
a - Magic Dart            Conj           ####         1%          1    None
s - Searing Ray           Conj           ######       1%          2    None
x - Iskenderun's Mystic   Conj           ######..     1%          4    ###....

Your spell library contained the following spells:

 Spells                   Type           Power        Failure   Level  Hunger
 Dazzling Spray           Conj/Hex       ####..       3%          3    None
 Corona                   Hex            #......      8%          1    None
 Force Lance              Conj/Tloc      ####....     10%         4    ###....
 Fulminant Prism          Conj/Hex       ####......   10%         4    ###....
 Slow                     Hex            #.......     12%         2    None
 Inner Flame              Hex/Fire       #.......     24%         3    None
 Portal Projectile        Hex/Tloc       #.....       24%         3    None
 Cause Fear               Hex            #.........   61%         4    ###....
 Leda's Liquefaction      Hex/Erth       #.........   61%         4    ###....
 Silence                  Hex/Air        #.........   91%         5    #####..
 Yara's Violent Unravell  Hex/Tmut       #.........   91%         5    #####..
 Deflect Missiles         Chrm/Air       #.........   100%        6    ######.
 Discord                  Hex            #.........   100%        8    #######


Dungeon Overview and Level Annotations

Branches:
Dungeon (11/15)            Temple (1/1) D:4            Lair (0/6) D:10
    Orc: D:9-12

Altars:
Ashenzari
Cheibriados
Dithmenos
Elyvilon
Fedhas
Gozag
Hepliaklqana
Kikubaaqudgha
Makhleb
Nemelex Xobeh
Okawaru
Qazlal
Ru
Sif Muna
Trog
Uskayaw
Vehumet
Wu Jian
Xom
Yredelemnul
Zin
The Shining One

Shops:
D:6 %


Innate Abilities, Weirdness & Mutations

You can breathe waves of freezing cold.
You can buffet flying creatures when you breathe cold.
Your icy white scales are hard. (AC +7)
You cannot fit into any form of body armour.
Your flesh is cold resistant. (rC+)
You are cold-blooded and may be slowed by cold attacks.


Message History

There is a stone staircase leading down here.
Done exploring.
Done exploring.
Done exploring.
Done exploring.
There is a stone staircase leading down here.
You climb downwards.
A cyan ugly thing comes into view.
Found a scroll of remove curse.
Found a stone staircase leading down.
There is a stone staircase leading up here.
Aim: a cyan ugly thing (resting)
The orb of energy hits the cyan ugly thing!
The cyan ugly thing gurgles horribly!
Aim: a cyan ugly thing (lightly wounded)
The orb of energy hits the cyan ugly thing.
The orb of energy explodes!
The cyan ugly thing tail-slaps you but does no damage.
Aim: a cyan ugly thing (lightly wounded)
The orb of energy hits the cyan ugly thing!!
The orb of energy explodes!
The cyan ugly thing tail-slaps you! The cyan ugly thing shocks you!
Aim: a cyan ugly thing (heavily wounded)
The orb of energy hits the cyan ugly thing but does no damage.
The orb of energy explodes!
The cyan ugly thing tail-slaps you. The cyan ugly thing shocks you!
Aim: a cyan ugly thing (heavily wounded)
The orb of energy hits the cyan ugly thing.
The orb of energy explodes!
The cyan ugly thing tail-slaps you but does no damage.
Aim: a cyan ugly thing (heavily wounded)
The magic dart hits the cyan ugly thing but does no damage.
The cyan ugly thing tail-slaps you!
* * * LOW HITPOINT WARNING * * *
The cyan ugly thing shocks you!
* * * LOW HITPOINT WARNING * * *
The cyan ugly thing closely misses you.
You riposte.
You hit the cyan ugly thing but do no damage.
You tail-slap the cyan ugly thing.
You climb upwards.
There is a stone staircase leading down here.
The cyan ugly thing barely misses you.
You are feeling very hungry.
The cyan ugly thing tail-slaps you.
* * * LOW HITPOINT WARNING * * *
The cyan ugly thing shocks you!
* * * LOW HITPOINT WARNING * * *
The cyan ugly thing tail-slaps you.
* * * LOW HITPOINT WARNING * * *
The cyan ugly thing shocks you!
You die...

#######.##.##.....P.P.P.P.P...#.#
.......................P[P.......
......................[......(...
.................................
.................................
.................................
..h..............................
.................................
................@................
................u................
........>........................
.................................
##...#########.....<...##.#.###..
##.## ##.......###.....###. ###
#....<...####.#.## ##
##...)...#.###### #..........#


You could see a cyan ugly thing.

Vanquished Creatures
  A two-headed ogre (D:8)
  Pikel (D:4)
  A centaur skeleton (D:9)
  A komodo dragon (D:8)
  A troll (D:9)
  Prince Ribbit (D:7)
  2 hippogriffs
  A yak (D:9)
  A vampire (D:10)
  A wyvern (D:9)
  2 orc warriors
  A porcupine (D:10)
  4 slaves (D:4)
  2 sky beasts (D:7)
  An ice beast (D:5)
  3 phantoms
  A black bear (D:10)
  A necrophage (D:7)
  4 ogres
  3 centaurs
  A crocodile (D:9)
  A big kobold (D:8)
  2 bullfrogs
  3 scorpions
  5 wights (D:9)
  A howler monkey (D:5)
  4 crimson imps
  A bullfrog zombie (D:8)
  A quasit (D:8)
  7 hounds
  4 orc priests
  Crazy Yiuf (D:4)
  2 jellies
  5 orc wizards
  9 worker ants
  A worker ant zombie (D:7)
  14 adders
  8 gnolls
  3 shadow imps (D:6)
  6 worms
  3 dart slugs
  5 leopard geckos
  19 orcs
  3 giant cockroaches
  5 hobgoblins
  9 jackals
  11 kobolds
  5 quokkas
  3 ball pythons
  9 bats
  8 frilled lizards
  4 goblins
  A leopard gecko skeleton (D:8)
  9 rats
206 creatures vanquished.

Vanquished Creatures (others)
  A quokka (D:2)
1 creature vanquished.

Grand Total: 207 creatures vanquished

Notes
Turn   | Place    | Note
-------+----------+-------------------------------------------
     0 | D:1      | DavidChitty2 the Draconian Conjurer began the quest for the
                  | Orb.
     0 | D:1      | Reached XP level 1. HP: 14/14 MP: 3/3
   453 | D:1      | Reached XP level 2. HP: 22/22 MP: 1/5
   462 | D:1      | Learned a level 2 spell: Searing Ray
  1214 | D:2      | Reached skill level 1 in Fighting
  1409 | D:1      | Reached XP level 3. HP: 17/28 MP: 1/6
  2535 | D:1      | Reached XP level 4. HP: 27/36 MP: 4/7
  2610 | D:1      | Learned a level 4 spell: Iskenderun's Mystic Blast
  2624 | D:2      | Reached skill level 5 in Conjurations
  3366 | D:2      | Found a white marble altar of Elyvilon.
  3382 | D:2      | You fall into a shaft and drop 2 floors!
  3688 | D:2      | Found a stormy altar of Qazlal.
  3688 | D:2      | Found a glowing golden altar of the Shining One.
  3688 | D:2      | Found a hide-covered altar of Uskayaw.
  4665 | D:3      | Reached XP level 5. HP: 40/41 MP: 3/9
  5458 | D:4      | Found a staircase to the Ecumenical Temple.
  5465 | Temple   | Entered the Ecumenical Temple
  5551 | Temple   | Became a worshipper of Sif Muna the Loreminder
  5589 | D:4      | Found a shadowy altar of Dithmenos.
  5647 | D:4      | Found an ornate altar of the Wu Jian Council.
  5793 | D:4      | Noticed a phantom
  5809 | D:4      | Killed a phantom
  5809 | D:4      | Reached skill level 1 in Invocations
  5809 | D:4      | Reached XP level 6. HP: 24/50 MP: 0/10
  6038 | D:4      | Noticed a slave
  6038 | D:4      | Noticed a slave
  6056 | D:4      | Killed a slave
  6059 | D:4      | Killed a slave
  6152 | D:4      | Noticed Pikel
  6154 | D:4      | Noticed a slave
  6188 | D:4      | Killed a slave
  6415 | D:4      | Noticed a slave
  7523 | D:4      | Killed a slave
  7710 | D:4      | Found a runed translucent door.
  7711 | D:4      | Noticed Crazy Yiuf
  7842 | D:5      | Entered Level 5 of the Dungeon
  7908 | D:5      | Reached skill level 6 in Conjurations
  7979 | D:5      | Noticed an ice beast
  7991 | D:5      | Killed an ice beast
  8399 | D:5      | Found a bloodstained altar of Trog.
  8410 | D:5      | Found a bloodstained altar of Trog.
  8871 | D:5      | Your scales start taking on an icy white colour.
  8871 | D:5      | Reached XP level 7. HP: 53/57 MP: 6/12
  8871 | D:5      | Gained mutation: Your flesh is cold resistant. (rC+) [White
                  | Draconian growth]
  9780 | D:4      | Killed Crazy Yiuf
  9898 | D:4      | Found a shadowy altar of Dithmenos.
 10041 | D:4      | Killed Pikel
 10041 | D:4      | Reached skill level 7 in Conjurations
 10041 | D:4      | Reached XP level 8. HP: 55/67 MP: 0/14
 10368 | D:6      | Found an ancient bone altar of Kikubaaqudgha.
 10632 | D:6      | Reached skill level 5 in Fighting
 10707 | D:6      | Found Mebb's Food Shop.
 10734 | D:6      | Reached skill level 8 in Conjurations
 11531 | D:6      | Found a snail-covered altar of Cheibriados.
 11930 | D:7      | Reached skill level 5 in Spellcasting
 12167 | D:7      | Reached * piety under Sif Muna
 12639 | D:7      | Noticed Prince Ribbit
 12646 | D:7      | Killed Prince Ribbit
 12646 | D:7      | Reached skill level 5 in Invocations
 12646 | D:7      | Reached XP level 9. HP: 75/75 MP: 3/16
 12920 | D:7      | Found a shimmering altar of Xom.
 13076 | D:7      | Reached skill level 9 in Conjurations
 14449 | D:8      | Noticed a komodo dragon
 14455 | D:8      | Killed a komodo dragon
 14596 | D:8      | Noticed a two-headed ogre
 14634 | D:8      | Killed a two-headed ogre
 14634 | D:8      | Reached skill level 10 in Conjurations
 15638 | D:9      | Reached XP level 10. HP: 56/86 MP: 12/19
 15825 | D:9      | Reached ** piety under Sif Muna
 17343 | D:10     | Entered Level 10 of the Dungeon
 19032 | D:10     | Got a shimmering spear
 19058 | D:10     | Found a staircase to the Lair.
 19481 | D:11     | Noticed a cyan ugly thing
 19512 | D:10     | Mangled by a cyan ugly thing

Levels and vault maps discovered:
D:1:      kennysheep_arrival_forest, layout_basic
D:2:      layout_loops_ring, elyvilon_altar_4, gammafunk_temple_overflow_claw,
          hangedman_decor_riveting, minmay_unequal
D:3:      wad_lake_hut, layout_loops_cross, first_ration, serial_rivers,
          chequers_serial_rivers_large_b, chequers_serial_rivers_micro_b,
          chequers_serial_rivers_room_a, chequers_serial_rivers_micro_a,
          chequers_serial_rivers_micro_e, chequers_serial_rivers_micro_d
D:4:      layout_loops_cross, lemuel_crystal_altar, kennysheep_mini,
          minmay_temple_entry_mini_moons, minmay_misc_feat_square, minivault_26,
          nrook_mini_backslash, serial_bayou_lagoon_a, uniq_crazy_yiuf_cottage,
          uniq_pikel
D:5:      layout_layer_cave, bloody_trog, basic_altar, minmay_pentangle
D:6:      layout_loops_ring, nicolae_overflow_crystal_walls,
          cheibrodos_worm_habitat, serial_shops, shop_fountains,
          kennysheep_generic_room_5
D:7:      layout_basic, kennysheep_little_box, uniq_prince_ribbit1
D:8:      layout_loops_ring
D:9:      layout_irregular_city
D:10:     layout_cross, grunt_lair_entry_orc_guard_hut
D:11:     layout_loops_cross, david_orc_3, hangedman_pestilent_swarm
Temple:   nicolae_temple_hex_pool

Skill      XL: |  1  2  3  4  5  6  7  8  9 10 |
---------------+-------------------------------+-----
Fighting       | 1 2 3 4 5 7 8 |  8.6
Conjurations   | 5 6 7 8 10 | 10.1
Spellcasting   | 3 4 5 6 7 |  7.5
Invocations    | 1 2 3 5 6 8 |  8.0
Dodging        | |  1.7
Stealth        | |  1.7

Action                   |  1- 3 |  4- 6 |  7- 9 | 10-12 || total
-------------------------+-------+-------+-------+-------++-------
Melee: Club              |     3 |       |       |       ||     3
       Unarmed           |     2 |       |       |       ||     2
       Dagger            |    14 |     8 |       |       ||    22
       Tailslap          |     1 |     3 |     3 |     6 ||    13
       Falchion          |       |     9 |    15 |     9 ||    33
 Cast: Magic Dart        |    84 |   162 |   276 |   127 ||   649
       Searing Ray       |     3 |     8 |     7 |     1 ||    19
       Iskenderun's Myst |       |    11 |    24 |    51 ||    86
 Abil: Breathe Frost     |       |       |     4 |       ||     4
  Use: Scroll            |       |    10 |     6 |       ||    16
  Eat: Chunk             |     4 |     8 |    20 |    10 ||    42
       Ration            |     1 |     4 |     1 |     2 ||     8
Armor: Skin              |     8 |    25 |    49 |    35 ||   117
Dodge: Dodged            |    27 |    32 |    85 |    80 ||   224
       Rpst.: Falchion   |       |     7 |    24 |    12 ||    43
       Long sword        |       |       |       |    13 ||    13

Table legend:
 A = Non-vault XP
 B = Vault XP
 C = Vault XP percentage of total XP
 D = Non-vault monster count
 E = Vault monster count
 F = Vault count percentage of total count
                 A         B        C        D         E       F
            +---------+---------+-------+---------+---------+-------
      Total |    7428 |    1661 |  18.3 |     185 |      17 |   8.4
            +---------+---------+-------+---------+---------+-------
        D:1 |      59 |       5 |   7.8 |      19 |       1 |   5.0
        D:2 |      80 |       7 |   8.0 |      28 |       2 |   6.7
        D:3 |      93 |       0 |   0.0 |      23 |       0 |   0.0
        D:4 |     205 |     691 |  77.1 |       7 |       2 |  22.2
        D:5 |     400 |      86 |  17.7 |      14 |       4 |  22.2
        D:6 |     678 |      31 |   4.4 |      15 |       3 |  16.7
        D:7 |     683 |     264 |  27.9 |      20 |       1 |   4.8
        D:8 |    2268 |       0 |   0.0 |      26 |       0 |   0.0
        D:9 |    2276 |     220 |   8.8 |      24 |       1 |   4.0
       D:10 |     686 |     357 |  34.2 |       9 |       3 |  25.0
            +---------+---------+-------+---------+---------+-------
